 Seeded DCSS version 0.31.0-32-g396128a36d (webtiles) character file.

Game seed: 16921996305055947284 (custom seed)

5 bronco the Grave Robber (level 1, 13/13 HPs)
             Began as a Mummy Necromancer on Mar 30, 2024.
             Safely got out of the dungeon.
             The game lasted 00:01:08 (431 turns).

bronco the Grave Robber (Mummy Necromancer)          Turns: 431, Time: 00:01:08

Health: 13/13      AC:  2    Str: 11    XL:     1   Next: 66%
Magic:  4/4        EV: 12    Int: 14    God:
Gold:   49         SH:  0    Dex: 12    Spells: 4/5 levels left

rFire   x . .        i - +0 short sword
rCold   + + .        (no shield)
rNeg    + + +        a - +0 robe
rPois   ∞            (no helmet)
rElec   .            (no cloak)
rCorr   .            (no gloves)
SInv    .            (no boots)
Will    .....        f - amulet of magic regeneration
Stlth   ++           h - ring of protection from cold
HPRegen 0.22/turn    (no ring)
MPRegen 0.49/turn

%: faith
@: no status effects
A: cold resistance 1, negative energy resistance 3, torment resistance 2, heat
vulnerability 1, in touch with death 1, no potions, faith
a: no special abilities


You escaped.
You visited 1 branch of the dungeon, and saw 1 of its levels.

You collected 49 gold pieces.

Inventory:

Hand Weapons
 i - a +0 short sword (weapon)
Missiles
 d - 2 poisoned darts
 g - 19 stones
Armour
 a - a +0 robe (worn)
 c - a +0 leather armour
Jewellery
 f - an amulet of magic regeneration (around neck)
 h - a ring of protection from cold (left hand)
Scrolls
 b - a scroll of immolation {unknown}
 e - a scroll of noise {unknown}


   Skills:
 + Level 1.5 Dodging
 + Level 1.5 Stealth
 + Level 2.7 Spellcasting
 + Level 4.2 Necromancy


You had 4 spell levels left.
You knew the following spells:

 Your Spells              Type           Power      Damage    Failure   Level
a - Necrotise             Necr           80%        1d8       3%          1

Your spell library contained the following spells:

 Spells                   Type           Power      Damage    Failure   Level
 Vampiric Draining        Necr           20%        2d7       12%         3
 Animate Dead             Necr           20%        N/A       36%         4
 Curse of Agony           Necr           20%        N/A       71%         5


Dungeon Overview and Level Annotations

Branches:
Dungeon (1/15)

Altars:


Innate Abilities, Weirdness & Mutations

You are immune to poison.
Your flesh is cold resistant. (rC+)
You are immune to negative energy. (rN+++)
You are immune to unholy pain and torment.
You are vulnerable to heat. (rF-)
You are in touch with the powers of death.
You do not drink.
You have a special connection with the divine. (Faith)


Message History

The dead are walking!
You see here 7 stones.
g - 7 stones
h - a ring of protection from cold
h - a ring of protection from cold (left hand)
You swap places.
Your rat skeleton crumbles into dust!
Your ball python skeleton crumbles into dust!
Your rat skeleton crumbles into dust!
g - 11 stones (gained 4)
You swap places.
g - 14 stones (gained 3)
Found a stone staircase leading down.
Your hobgoblin skeleton crumbles into dust!
g - 19 stones (gained 5)
Found a ring mail.
You see here a +0 ring mail.
You see here a +0 ring mail.
Found a robe.
Found a short sword.
You now have 49 gold pieces (gained 7).
You see here a +0 short sword.
A ball python comes into view.
You feel a surge of power!
The ball python hisses angrily.
The ball python barely resists.
You feel a surge of power!
The ball python writhes in agony.
You kill the ball python!
You can't see any susceptible monsters within range! (Use Z to cast anyway.)
You see here a +0 short sword.
i - a +0 short sword
i - a +0 short sword (weapon)
You swap places.
You swap places.
Your ball python skeleton crumbles into dust!
Done exploring.
Done exploring.
There is a staircase leading out of the dungeon here.
You can't go down here!
You have escaped!

# ###.. ## #.... .###
##.... ...# ######
#..... ...### ##≈##≈##
#..... .....##
##≈P≈≈P≈## #.....
...#..## #≈P8PP8P≈#
###...
...##..######.P..P≈####
##.#
######..##......@.....#
####..#
#.......##.♣..P≈##.#
#....##
#...!.!##≈♣8♣P8P≈#.#
#....#
#......###≈♣≈≈P≈##.#
##...## #......#
##≈##≈###.####....#
####......#
#######...........#
#.........#
#.......#######...#
#.........###...#.###
#...#
#.......#.........#
#...#


There were no monsters in sight!

Vanquished Creatures
  A hobgoblin (D:1)
  2 ball pythons (D:1)
  3 rats (D:1)
6 creatures vanquished.

Notes
Turn   | Place    | Note
-------+----------+-------------------------------------------
     0 | D:1      | bronco the Mummy Necromancer began the quest for the Orb.
     0 | D:1      | Reached XP level 1. HP: 13/13 MP: 4/4
   431 | D:$      | Safely got out of the dungeon.

Illustrated notes

Levels and vault maps discovered:
D:1:      ldierk_walled_garden_2, layout_basic

Action                     || total
---------------------------++-------
   Cast: Necrotise         ||     8
 Armour: Robe              ||     1
  Dodge: Dodged            ||     1
